 Dungeon Crawl Stone Soup version 0.25.1-2-g60ff931df9 (webtiles) character file.

Game seed: 8407513205746418545

471 Garessta the Cudgeler (level 6, 47/47 HPs)
             Began as a Demonspawn Chaos Knight on Oct 17, 2020.
             Was a Plaything of Xom.
             Quit the game on level 6 of the Dungeon.
             The game lasted 00:09:23 (5580 turns).

Garessta the Cudgeler (Demonspawn Chaos Knight)     Turns: 5580, Time: 00:09:24

Health: 47/47      AC:  6    Str: 13    XL:     6   Next: 83%
Magic:  6/6        EV: 11    Int: 13    God:    Xom [..*...]
Gold:   278        SH:  4    Dex: 12    Spells: 5/5 levels left

rFire    + + .     SeeInvis .   a - +0 mace (chaos)
rCold    . . .     Gourm    .   (no shield)
rNeg     . . .     Faith    .   b - +3 leather armour
rPois    .         Spirit   +   (helmet restricted)
rElec    .         Reflect  .   (no cloak)
rCorr    .         Harm     .   (no gloves)
MR       +....                  (no boots)
Stlth    +.........             (no amulet)
HPRegen  0.15/turn              k - ring of protection from fire
MPRegen  0.10/turn              n - ring of protection from magic

@: no status effects
A: horns 1, large bone plates 1, blurry vision 1, fire resistance 1, weak 1,
magic shield
a: Renounce Religion


You were on level 6 of the Dungeon.
You worshipped Xom.
You were a toy of Xom.
You were not hungry.

You visited 1 branch of the dungeon, and saw 6 of its levels.

You collected 278 gold pieces.

Inventory:

Hand Weapons
 a - a +0 mace of chaos (weapon)
Missiles
 e - 286 stones (quivered)
 r - 18 poisoned darts
 u - 4 boomerangs
 v - 8 datura-tipped darts
Armour
 b - a +3 leather armour (worn)
Jewellery
 k - a ring of protection from fire (left hand)
 n - a ring of protection from magic (right hand)
Scrolls
 m - 3 scrolls of teleportation
 p - 2 scrolls of remove curse
 t - a scroll of enchant armour
 w - a scroll of amnesia
Potions
 d - a potion of ambrosia
 f - a potion of cancellation {unknown}
 g - a potion of haste {unknown}
 h - 2 potions of heal wounds
 i - 3 potions of curing
 j - a potion of flight {unknown}
 l - a potion of stabbing {unknown}
 o - a potion of brilliance {unknown}
 q - 2 potions of might
 s - 2 potions of degeneration {unknown}
 z - a potion of mutation {unknown}
Comestibles
 c - 7 rations
 x - 6 chunks of flesh


   Skills:
 - Level 3.0 Fighting
 + Level 7.1 Maces & Flails
 - Level 1.7 Armour
 - Level 0.8 Dodging


You had 5 spell levels left.
You didn't know any spells.
Your spell library was empty.

Dungeon Overview and Level Annotations

Branches:
Dungeon (6/15)             Temple (0/1) D:4

Altars:
Gozag
Kikubaaqudgha
Uskayaw
Xom

Shops:
D:5 %*

Annotations:
D:3 3 runed translucent doors, Exodus22XD's ghost, amateur DEWz


Innate Abilities, Weirdness & Mutations

You have a pair of small horns on your head.
You are partially covered in large bone plates. (SH +4)
Your flesh is heat resistant. (rF+)
When hurt, damage is shared between your health and your magic reserves.
Scrolls take you a little longer to read.
You are weak. (Str -2)


Message History

Things that are here:
a cursed -1 flail; a +0 leather armour; an orc skeleton
Things that are here:
a +0 trident; an orc skeleton
Things that are here:
a +0 short sword; a +0 leather armour
Found a ring mail.
Are you sure you want to abandon this character and quit the game? (Confirm with "yes".)
Okay, then.
Unknown command.
Unknown command.
Unknown command.
Unknown command.
Unknown command.
Unknown command.
Save game and exit?
Welcome back, Garessta the Demonspawn Chaos Knight.
Xom titters.
Press ? for a list of commands and other information.
Are you sure you want to abandon this character and quit the game? (Confirm with "yes".)

#. .### ..# #.#
######### ##.##
#.......[ ##...##
#@#
###.....########.##
.............))[..#
##.<...########.##
##...## #... ##.##
#.### #.# #.# #.#
#.# #.# ...


There were no monsters in sight!

Vanquished Creatures
  A howler monkey (D:4)
  A centaur skeleton (D:2)
  An orc priest (D:3)
  Natasha (twice) (D:4)
  4 worker ants
  A hound skeleton (D:4)
  3 gnolls (D:2)
  3 adders
  An ooze (D:1)
  An adder zombie (D:5)
  An adder skeleton (D:4)
  3 worms
  A dart slug (D:1)
  5 leopard geckos
  7 orcs
  2 ball pythons (D:2)
  6 bats (D:1)
  4 giant cockroaches
  10 goblins
  5 hobgoblins
  8 jackals
  A ball python skeleton (D:4)
  5 frilled lizards
  5 kobolds
  A leopard gecko skeleton (D:4)
  5 rats
87 creatures vanquished.

Vanquished Creatures (collateral kills)
  2 orc wizards (D:4)
  Natasha (D:4)
  2 orcs (D:4)
5 creatures vanquished.

Grand Total: 92 creatures vanquished

Notes
Turn   | Place    | Note
-------+----------+-------------------------------------------
     0 | D:1      | Garessta the Demonspawn Chaos Knight began the quest for
                  | the Orb.
     0 | D:1      | Reached XP level 1. HP: 18/18 MP: 1/1
   117 | D:1      | Reached skill level 3 in Maces & Flails
   141 | D:1      | XOM: silly message
   149 | D:1      | Gained mutation: You are partially covered in large bone
                  | plates. (SH +4) [demonic ancestry]
   149 | D:1      | Reached XP level 2. HP: 19/24 MP: 2/2
   356 | D:1      | XOM: scenery: create altars
   415 | D:1      | XOM: silly message
   859 | D:1      | Gained mutation: When hurt, damage is shared between your
                  | health and your magic reserves. [demonic ancestry]
   859 | D:1      | Reached XP level 3. HP: 29/29 MP: 3/3
   910 | D:1      | Reached skill level 4 in Maces & Flails
  1229 | D:2      | Reached XP level 4. HP: 29/35 MP: 2/4
  1593 | D:2      | XOM: silly message
  1884 | D:2      | XOM: give mutations
  1884 | D:2      | Gained mutation: You are weak. (Str -2) [Xom's mischief]
  1884 | D:2      | Gained mutation: Scrolls take you a little longer to read.
                  | [Xom's mischief]
  2034 | D:2      | XOM: silly message
  2043 | D:2      | XOM: potion effect (might)
  2047 | D:2      | Reached skill level 5 in Maces & Flails
  2748 | D:2      | XOM: silly message
  2788 | D:3      | HP: 1/35 [orc (3)]
  2789 | D:3      | Gained mutation: You have a pair of small horns on your
                  | head. [demonic ancestry]
  2789 | D:3      | Reached XP level 5. HP: 1/41 MP: 1/5
  3171 | D:3      | Found an opulent altar of Gozag.
  3494 | D:3      | Found a runed translucent gate.
  3494 | D:3      | Found a runed translucent gate.
  3494 | D:3      | Found a runed translucent gate.
  3496 | D:3      | Noticed a phantom
  3501 | D:3      | Noticed Exodus22XD's ghost (amateur DEWz)
  3556 | D:3      | XOM: enchant monster (bad)
  3703 | D:3      | Noticed a +0 dagger
  3704 | D:3      | Noticed a +0 hand axe
  3705 | D:3      | Found a hide-covered altar of Uskayaw.
  4064 | D:4      | Found a staircase to the Ecumenical Temple.
  4082 | D:4      | XOM: noise
  4089 | D:4      | XOM: swap monsters
  4092 | D:4      | Reached skill level 6 in Maces & Flails
  4191 | D:4      | Gained mutation: Your flesh is heat resistant. (rF+)
                  | [demonic ancestry]
  4191 | D:4      | Reached XP level 6. HP: 47/47 MP: 6/6
  4307 | D:4      | Noticed Natasha
  4314 | D:4      | Killed Natasha
  4315 | D:4      | XOM: 4-stop teleportation journey
  4360 | D:4      | XOM: 2-stop teleportation journey
  4405 | D:4      | Noticed Natasha
  4412 | D:4      | Killed Natasha
  4444 | D:4      | Noticed Natasha
  4449 | D:4      | Killed Natasha
  4555 | D:4      | Found an ancient bone altar of Kikubaaqudgha.
  4982 | D:5      | Entered Level 5 of the Dungeon
  4983 | D:5      | Found Tobled's Food Shoppe.
  5065 | D:5      | XOM: 2-stop teleportation journey
  5078 | D:5      | Reached skill level 7 in Maces & Flails
  5276 | D:5      | Found Gyiriefi's Assorted Antiques.
  5580 | D:6      | Quit the game

Illustrated notes

Levels and vault maps discovered:
D:1:      roderic_octagonal_star, layout_basic
D:2:      layout_basic, minmay_misc_feat_plants
D:3:      layout_basic, dancing_weapons_uskayaw, gammafunk_ghost_split,
          minmay_misc_feat_ornament, minivault_4, grunt_gozag_breadcrumbs
D:4:      layout_loops_corners, minmay_temple_entry_overgrown,
          lemuel_altar_in_water, uniq_natasha
D:5:      layout_basic, serial_shops, shop, shop, first_ration,
          kennysheep_another_room, lemuel_statue_altar
D:6:      layout_loops_ring, grunt_decor_mini_mirrors

Skill      XL: |  1  2  3  4  5  6 |
---------------+-------------------+-----
Maces & Flails | 3 4 5 6 7 |  7.1
Fighting       | |  3.0
Armour         | |  1.7
Dodging        | |  0.8

Action                   |  1- 3 |  4- 6 || total
-------------------------+-------+-------++-------
Melee: Mace              |   100 |   206 ||   306
       Headbutt          |       |    18 ||    18
  Use: Potion            |       |     1 ||     1
       Scroll            |       |    10 ||    10
 Stab: Sleeping          |     1 |       ||     1
       Confused          |       |     3 ||     3
       Petrified         |       |     1 ||     1
  Eat: Chunk             |     1 |    10 ||    11
       Ration            |       |     1 ||     1
Armor: Leather armour    |    62 |    41 ||   103
Dodge: Dodged            |    77 |   103 ||   180
Block: Other             |    18 |    40 ||    58
